 Dungeon Crawl Stone Soup version 0.24-a0-228-g05560da (webtiles) character file.

Game seed: 13805837207165107790

271 emperorscorpion the Charmwright (level 5, -2/40 HPs)
             Began as a Demigod Wanderer on Mar 30, 2019.
             Killed by divine providence
             ... invoked by an orc priest
              (14 damage)
             ... on level 4 of the Dungeon on Apr 1, 2019.
             The game lasted 00:11:40 (5168 turns).

emperorscorpion the Charmwright (Demigod Wanderer)  Turns: 5168, Time: 00:11:40

Health: -2/40      AC:  7    Str: 14    XL:     5   Next: 70%
Magic:  8/11       EV: 12    Int: 19    God:
Gold:   107        SH:  0    Dex: 15    Spells: 3/8 levels left

rFire    + . .     SeeInvis .   b - +1 spear
rCold    x . .     Gourm    .   (no shield)
rNeg     . . .     Faith    .   i - +0 leather armour
rPois    .         Spirit   .   (no helmet)
rElec    .         Reflect  .   u - +2 cloak
rCorr    .         Harm     .   l - +0 pair of gloves
MR       .....                  (no boots)
Stlth    +.........             (no amulet)
HPRegen  0.13/turn              m - ring of fire
MPRegen  0.12/turn              (no ring)

@: no status effects
A: high mp 1
a: no special abilities


You were on level 4 of the Dungeon.
You were near starving.

You visited 1 branch of the dungeon, and saw 4 of its levels.

You collected 107 gold pieces.

Inventory:

Hand Weapons
 a - a +0 dagger
 b - a +1 spear (weapon)
Missiles
 h - a throwing net (quivered)
 t - 6 curare-tipped needles
Armour
 c - a +0 robe
 i - a +0 leather armour (worn)
 l - a +0 pair of gloves (worn)
 q - a scarf of repulsion
 u - a +2 cloak (worn)
Jewellery
 m - a ring of fire (left hand)
 p - an uncursed ring of wizardry
Wands
 o - a wand of digging (9)
Scrolls
 d - 6 scrolls of identify
 j - 2 scrolls of amnesia
 k - a scroll of remove curse
 n - 2 scrolls of random uselessness
 s - a scroll of teleportation
 w - a scroll of magic mapping
Potions
 e - 2 potions of haste {unknown}
 g - 3 potions of curing
 r - a potion of heal wounds {unknown}
 v - a potion of agility {unknown}
Comestibles
 f - 4 rations


   Skills:
 + Level 1.0 Fighting
 - Level 1.0 Short Blades
 + Level 2.3 Polearms
 + Level 1.0 Throwing
 + Level 1.9 Armour
 + Level 1.5 Dodging
 + Level 0.5 Stealth
 + Level 2.3 Spellcasting
 + Level 1.0 Conjurations
 + Level 3.6 Charms
   Level 1.0 Transmutations
 + Level 1.1 Fire Magic
 + Level 1.0 Evocations


You had 3 spell levels left.
You knew the following spells:

 Your Spells              Type           Power        Failure   Level  Hunger
a - Throw Flame           Conj/Fire      #.....       19%         2    ##.....
b - Spectral Weapon       Hex/Chrm       #.......     28%         3    ###....

Your spell library contained the following spells:

 Spells                   Type           Power        Failure   Level  Hunger
 Infusion                 Chrm           ###.         4%          1    #......
 Song of Slaying          Chrm           ###.....     7%          2    ##.....
 Shroud of Golubria       Chrm/Tloc      #.........   14%         2    ##.....
 Searing Ray              Conj           #.....       21%         2    ##.....
 Regeneration             Chrm/Necr      #.........   28%         3    ###....


Dungeon Overview and Level Annotations

Branches:
Dungeon (4/15)
 Temple: D:4-7

Annotations:
D:3 right half


Innate Abilities, Weirdness & Mutations

You have an increased reservoir of magic. (+10% MP)


Message History

You puncture the orc!
You kill the orc!
Something hits you.
You hit something but do no damage. Something hits you but does no damage.
The orc barely misses you.
You hit something. Something hits you but does no damage.
The orc hits you but does no damage.
You closely miss something. Something hits you. The orc barely misses you.
The orc priest calls down the wrath of Beogh upon you.
Beogh smites you!
You hit something.
Reactivating autopickup.
You feel a bit more experienced.
The orc priest invokes the aid of Beogh against you.
Pain shoots through your body!
* * * LOW HITPOINT WARNING * * *
The orc barely misses your spectral weapon.
The orc priest invokes the aid of Beogh against you.
Beogh smites you!
You die...

*,* #....# *,* #....# #.*
#....# #.* #....#
##.######....#
#...........####
#..............######
#..............##...##
#.....@..............#
####..##(######...##....#
#.(...lo....# #...##....#
#.####o####.# #...##....#
*,*,...,,,*,# #...##....#
*,#....,,,*,* ##.###....#
**,#....,,,*,***#.#
#....##
*,,#..._,,,,,,,*#.#
#......
*,,#....,,,*,*,*#.*
#...###


You could see an iguana, an orc priest, an orc and a friendly spectral +1 spear.

Vanquished Creatures
  A hound (D:4)
  A bullfrog skeleton (D:4)
  2 worker ants (D:4)
  An orc wizard (D:4)
  10 adders
  2 worms
  3 dart slugs
  3 orcs
  3 giant cockroaches
  6 goblins
  6 hobgoblins
  2 kobolds
  2 quokkas
  5 bats
  2 frilled lizards (D:2)
  A rat (D:1)
50 creatures vanquished.

Vanquished Creatures (others)
  A plant (D:2)
1 creature vanquished.

Grand Total: 51 creatures vanquished

Notes
Turn   | Place    | Note
-------+----------+-------------------------------------------
     0 | D:1      | emperorscorpion the Demigod Wanderer began the quest for
                  | the Orb.
     0 | D:1      | emperorscorpion set off with the following items: a +0
                  | dagger, a +0 robe, a ration; and the following spell
                  | memorised: Infusion; and the following spells available to
                  | memorise: Song of Slaying, Shroud of Golubria, Searing Ray,
                  | Throw Flame, Regeneration, Spectral Weapon
     0 | D:1      | Reached XP level 1. HP: 14/14 MP: 4/4
     0 | D:1      | Upgraded the game from 0.24-a0-218-ga595e75 to
                  | 0.24-a0-228-g05560da
   230 | D:1      | Reached skill level 3 in Charms
   753 | D:1      | Reached XP level 2. HP: 20/20 MP: 5/5
   812 | D:1      | Learned a level 2 spell: Throw Flame
   977 | D:1      | Found a sparkling altar of Nemelex Xobeh.
  1643 | D:2      | Reached XP level 3. HP: 11/26 MP: 0/7
  1714 | D:2      | Reached skill level 1 in Short Blades
  2596 | D:3      | Reached XP level 4. HP: 31/34 MP: 2/8
  2673 | D:3      | Noticed an ice beast
  3184 | D:3      | Reached skill level 1 in Armour
  4273 | D:4      | Reached skill level 1 in Fire Magic
  4273 | D:4      | Reached XP level 5. HP: 14/39 MP: 1/10
  4282 | D:4      | Learned a level 3 spell: Spectral Weapon
  4468 | D:4      | Found a deep blue altar of Sif Muna.
  4472 | D:4      | Found a blossoming altar of Fedhas.
  4473 | D:4      | Found a radiant altar of Vehumet.
  4482 | D:4      | Found an ornate altar of the Wu Jian Council.
  4482 | D:4      | Found a hazy altar of Hepliaklqana.
  4540 | D:4      | Reached skill level 1 in Fighting
  4654 | D:4      | Reached skill level 1 in Conjurations
  5136 | D:4      | Found a shimmering altar of Xom.
  5168 | D:4      | Killed from afar by an orc priest

Levels and vault maps discovered:
D:1:      dpeg_arrival_pond, layout_rooms, nemelex_diamond_rough_becter
D:2:      wad_lake_hut, layout_rooms
D:3:      layout_basic, first_ration
D:4:      layout_basic, minmay_overflow_temple_star_hex, lemuel_tele_altar

Skill      XL: |  1  2  3  4  5 |
---------------+----------------+-----
Charms         | 3 |  3.6
Polearms       | 2 |  2.3
Short Blades   | 1 |  1.0
Armour         | 1 |  1.9
Fire Magic     | 1 |  1.1
Fighting       | 1 |  1.0
Spellcasting   | 2 |  2.3
Conjurations   | 1 |  1.0
Throwing       | |  1.0
Dodging        | |  1.5
Stealth        | |  0.5
Transmutations | |  1.0
Evocations     | |  1.0

Action                   |  1- 3 |  4- 6 || total
-------------------------+-------+-------++-------
Melee: Dagger            |    44 |       ||    44
       Spear             |    54 |   129 ||   183
 Cast: Infusion          |     4 |       ||     4
       Throw Flame       |    22 |    36 ||    58
       Spectral Weapon   |       |     3 ||     3
  Use: Scroll            |     8 |     2 ||    10
       Potion            |     2 |       ||     2
  Eat: Chunk             |     3 |     9 ||    12
       Ration            |     1 |     1 ||     2
Armor: Robe              |     3 |       ||     3
       Skin              |    24 |       ||    24
       Leather armour    |    14 |    46 ||    60
Dodge: Dodged            |    52 |    79 ||   131

Table legend:
 A = Non-vault XP
 B = Vault XP
 C = Vault XP percentage of total XP
 D = Non-vault monster count
 E = Vault monster count
 F = Vault count percentage of total count
                 A         B        C        D         E       F
            +---------+---------+-------+---------+---------+-------
      Total |     388 |       0 |   0.0 |      50 |       0 |   0.0
            +---------+---------+-------+---------+---------+-------
        D:1 |      17 |       0 |   0.0 |       8 |       0 |   0.0
        D:2 |      94 |       0 |   0.0 |      18 |       0 |   0.0
        D:3 |      69 |       0 |   0.0 |      13 |       0 |   0.0
        D:4 |     208 |       0 |   0.0 |      11 |       0 |   0.0
            +---------+---------+-------+---------+---------+-------
